cohdb
Replays
Latest Replays
All Replays
Popular Replays
Top Player Replays
Match Explorer
How It Works
Community
CoH3 Stats
Reddit
Sign in to upload your games and track your stats! →
Sign in with Steam
Match 43436686
Unlisted
Match 43436686
Overview
Messages
Build Orders
End
Construct Section Command Post
Dingo Light Scout Car
Selects Australian Defense Battlegroup
Selects Australian Light Infantry Section
Infantry Section
Infantry Section
Infantry Section
Construct Platoon Command Post
Humber Armored Car
Vickers Machine Gun Team
Selects 2-pounder Anti-tank Gun Team
Infantry Training
2-pounder Anti-tank Gun Team
Symbiosis
*Mule
el campo
LilDick
0
0
Comments
sign in to comment!
No comments posted yet!